| TOP OF THE 1ST |
|
Chicago Cubs batting - Pitching for Atlanta Braves : RHP Jeremy Kasten
|
|
Pitching: RHP Jeremy Kasten
|
|
|
Batting: SHB Moe Lester
|
0-0: Called Strike 0-1: Called Strike 0-2: Ball 1-2: Ball 2-2: Ball 3-2: Base on Balls
|
|
Batting: RHB Yasuhide Kasahara
|
0-0: Called Strike 0-1: Called Strike Moe Lester is caught stealing 2nd base 2-4 0-2: Fly out, F8 (Flyball, 8RS, EV 91.9 MPH)
|
|
Batting: RHB Efrain Vargas
|
0-0: Foul Ball, location: 2F 0-1: Ball 1-1: Ground out 5-3 (Groundball, 56, EV 83.8 MPH)
|
| Top of the 1st over - 0 runs, 0 hits, 0 errors, 0 left on base; Chicago 0 - Atlanta 0 |
| BOTTOM OF THE 1ST |
|
Atlanta Braves batting - Pitching for Chicago Cubs : RHP Miles Edwards
|
|
Pitching: RHP Miles Edwards
|
|
|
Batting: RHB Jeckel Hester
|
0-0: Swinging Strike 0-1: Called Strike 0-2: Fly out, F4 (Line Drive, 4, EV 72.5 MPH)
|
|
Batting: RHB Kevin Howard
|
0-0: Called Strike 0-1: Called Strike 0-2: Ball 1-2: Strikes out swinging
|
|
Batting: RHB David Casas
|
0-0: Fly out, F7 (Flyball, 7, EV 88.8 MPH)
|
| Bottom of the 1st over - 0 runs, 0 hits, 0 errors, 0 left on base; Chicago 0 - Atlanta 0 |
| TOP OF THE 2ND |
|
Chicago Cubs batting - Pitching for Atlanta Braves : RHP Jeremy Kasten
|
|
Batting: RHB Steve Bartman Jr.
|
0-0: Ball 1-0: Ball 2-0: SINGLE (Line Drive, 78M, EV 86.2 MPH)
|
|
Batting: RHB Heef Harted
|
0-0: Ball 1-0: Called Strike 1-1: Ball 2-1: Swinging Strike 2-2: Strikes out swinging
|
|
Batting: RHB Alan Oxenrider
|
0-0: Ball 1-0: Ball 2-0: SINGLE (Line Drive, 9S, EV 95.6 MPH) Steve Bartman Jr. to second Runner from 2nd tries for 3rd, SAFE, throw by RF made to third
|
|
Batting: LHB Andy Arbuckle
|
0-0: Ball 1-0: Ball 2-0: Called Strike 2-1: Ball 3-1: Called Strike 3-2: Strikes out swinging
|
|
Batting: LHB Barend van der Kamp
|
0-0: Ball 1-0: Called Strike 1-1: Called Strike 1-2: Ground out 1-3 (Groundball, 13S, EV 75.0 MPH)
|
| Top of the 2nd over - 0 runs, 2 hits, 0 errors, 2 left on base; Chicago 0 - Atlanta 0 |
| BOTTOM OF THE 2ND |
|
Atlanta Braves batting - Pitching for Chicago Cubs : RHP Miles Edwards
|
|
Batting: LHB Erik Gretzky
|
0-0: Called Strike 0-1: Swinging Strike 0-2: Ball 1-2: Strikes out swinging
|
|
Batting: RHB Ike Trout
|
0-0: Called Strike 0-1: Ball 1-1: Ground out 4-3 (Groundball, 34D, EV 96.9 MPH)
|
|
Batting: LHB Luis Magdaleno
|
0-0: Called Strike 0-1: Foul Ball, location: 2F 0-2: Ball 1-2: SINGLE (Groundball, 56, EV 98.8 MPH)
|
|
Batting: RHB J.J. Powers
|
0-0: Ball 1-0: Ground out 4-3 (Groundball, 4, EV 83.8 MPH)
|
| Bottom of the 2nd over - 0 runs, 1 hit, 0 errors, 1 left on base; Chicago 0 - Atlanta 0 |
| TOP OF THE 3RD |
|
Chicago Cubs batting - Pitching for Atlanta Braves : RHP Jeremy Kasten
|
|
Batting: SHB Steve DiDomenico
|
0-0: Ground out 6-3 (Groundball, 6, EV 107.5 MPH)
|
|
Batting: SHB Moe Lester
|
0-0: Called Strike 0-1: Ball 1-1: Called Strike 1-2: Foul Ball, location: 2F 1-2: Strikes out swinging
|
|
Batting: RHB Yasuhide Kasahara
|
0-0: Swinging Strike 0-1: Swinging Strike 0-2: Strikes out swinging
|
| Top of the 3rd over - 0 runs, 0 hits, 0 errors, 0 left on base; Chicago 0 - Atlanta 0 |
| BOTTOM OF THE 3RD |
|
Atlanta Braves batting - Pitching for Chicago Cubs : RHP Miles Edwards
|
|
Batting: RHB Liangde Li
|
0-0: Foul Ball, location: 2F 0-1: SINGLE (Line Drive, 9LS, EV 103.1 MPH)
|
|
Batting: RHB Tade Post
|
0-0: Ball 1-0: DOUBLE (Line Drive, 89M, EV 90.0 MPH) Liangde Li to third
|
|
Batting: RHB Jeckel Hester
|
0-0: Ball 1-0: Fly out, F9 (Flyball, 9, EV 86.2 MPH)
|
|
Batting: RHB Kevin Howard
|
0-0: Ball 1-0: Ground out 4-3 (Groundball, 4, EV 80.6 MPH) Liangde Li scores Tade Post to third
|
|
Batting: RHB David Casas
|
0-0: Foul Ball, location: 2F 0-1: Called Strike 0-2: Foul Ball, location: 2F 0-2: Fly out, F9 (Flyball, 89M, EV 77.5 MPH)
|
| Bottom of the 3rd over - 1 run, 2 hits, 0 errors, 1 left on base; Chicago 0 - Atlanta 1 |
| TOP OF THE 4TH |
|
Chicago Cubs batting - Pitching for Atlanta Braves : RHP Jeremy Kasten
|
|
Batting: RHB Efrain Vargas
|
0-0: Ball 1-0: Foul Ball, location: 2F 1-1: SINGLE (Groundball, 6S, EV 70.0 MPH) (infield hit)
|
|
Batting: RHB Steve Bartman Jr.
|
0-0: Ball 1-0: Ball 2-0: Called Strike 2-1: DOUBLE (Line Drive, 3D, EV 100.0 MPH) Efrain Vargas to third
|
|
Batting: RHB Heef Harted
|
0-0: Ball 1-0: Ground out 6-3 (Groundball, 56D, EV 104.4 MPH) Efrain Vargas scores
|
|
Batting: RHB Alan Oxenrider
|
0-0: Foul Ball, location: 2F 0-1: Ball 1-1: Called Strike 1-2: Foul Ball, location: 2F 1-2: Foul Ball, location: 2F 1-2: Ball 2-2: Fly out, F9 (Line Drive, 9LM, EV 97.5 MPH)
|
|
Batting: LHB Andy Arbuckle
|
0-0: Ball 1-0: Called Strike 1-1: Foul Ball, location: 2F 1-2: Ball 2-2: Ball 3-2: Foul Ball, location: 2F 3-2: Foul Ball, location: 2F 3-2: Base on Balls
|
|
Batting: LHB Barend van der Kamp
|
0-0: Ball 1-0: Foul Ball, location: 2F 1-1: Called Strike 1-2: Strikes out looking
|
| Top of the 4th over - 1 run, 2 hits, 0 errors, 2 left on base; Chicago 1 - Atlanta 1 |
| BOTTOM OF THE 4TH |
|
Atlanta Braves batting - Pitching for Chicago Cubs : RHP Miles Edwards
|
|
Batting: LHB Erik Gretzky
|
0-0: Ball 1-0: Ball 2-0: Foul Ball, location: 2F 2-1: Ball 3-1: Called Strike 3-2: Base on Balls
|
|
Batting: RHB Ike Trout
|
0-0: Ball 1-0: Foul Ball, location: 2F 1-1: Called Strike 1-2: Grounds into double play, 6-4-3 (Groundball, 6, EV 85.0 MPH)
|
|
Batting: LHB Luis Magdaleno
|
0-0: Called Strike 0-1: Ball 1-1: Foul Ball, location: 2F 1-2: Ball 2-2: Strikes out swinging
|
| Bottom of the 4th over - 0 runs, 0 hits, 0 errors, 0 left on base; Chicago 1 - Atlanta 1 |
| TOP OF THE 5TH |
|
Chicago Cubs batting - Pitching for Atlanta Braves : RHP Jeremy Kasten
|
|
Batting: SHB Steve DiDomenico
|
0-0: Called Strike 0-1: Swinging Strike 0-2: Ball 1-2: Strikes out swinging
|
|
Batting: SHB Moe Lester
|
0-0: Called Strike 0-1: Foul Ball, location: 2F 0-2: Ball 1-2: Ball 2-2: Ball 3-2: Strikes out swinging
|
|
Batting: RHB Yasuhide Kasahara
|
0-0: Ball 1-0: Ball 2-0: Foul Ball, location: 2F 2-1: Ball 3-1: Base on Balls
|
|
Batting: RHB Efrain Vargas
|
0-0: Ball 1-0: Ball 2-0: Foul Ball, location: 2F 2-1: Fly out, F8 (Flyball, 89S, EV 85.6 MPH)
|
| Top of the 5th over - 0 runs, 0 hits, 0 errors, 1 left on base; Chicago 1 - Atlanta 1 |
| BOTTOM OF THE 5TH |
|
Atlanta Braves batting - Pitching for Chicago Cubs : RHP Miles Edwards
|
|
Batting: RHB J.J. Powers
|
0-0: Called Strike 0-1: Ball 1-1: Bunt missed! 1-2: Foul Ball, location: 2F 1-2: SINGLE (Groundball, 6MD, EV 100.6 MPH)
|
|
Batting: RHB Liangde Li
|
0-0: Called Strike 0-1: Foul Ball, location: 2F 0-2: Fly out, F7 (Flyball, 7D, EV 103.1 MPH)
|
|
Batting: RHB Tade Post
|
0-0: Ball 1-0: Ball 2-0: Ball 3-0: Base on Balls J.J. Powers to second
|
|
Batting: RHB Jeckel Hester
|
0-0: 3-RUN HOME RUN (Flyball, 78XD, EV 108.8 MPH), Distance : 408 ft
|
|
Batting: RHB Kevin Howard
|
0-0: Ball 1-0: Ball 2-0: Fly out, F7 (Flyball, 78M, EV 85.0 MPH)
|
|
Batting: RHB David Casas
|
0-0: Fly out, F9 (Flyball, 89M, EV 98.1 MPH)
|
| Bottom of the 5th over - 3 runs, 2 hits, 0 errors, 0 left on base; Chicago 1 - Atlanta 4 |
| TOP OF THE 6TH |
|
Chicago Cubs batting - Pitching for Atlanta Braves : RHP Jeremy Kasten
|
|
Batting: RHB Steve Bartman Jr.
|
0-0: Called Strike 0-1: Swinging Strike 0-2: Foul Ball, location: 2F 0-2: Foul Ball, location: 2F 0-2: Strikes out looking
|
|
Batting: RHB Heef Harted
|
0-0: Called Strike 0-1: Fly out, F6 (Popup, 6, EV 53.1 MPH)
|
|
Batting: RHB Alan Oxenrider
|
0-0: Ground out 5-3 (Groundball, 56, EV 102.5 MPH)
|
| Top of the 6th over - 0 runs, 0 hits, 0 errors, 0 left on base; Chicago 1 - Atlanta 4 |
| BOTTOM OF THE 6TH |
|
Atlanta Braves batting - Pitching for Chicago Cubs : RHP Miles Edwards
|
|
Batting: LHB Erik Gretzky
|
0-0: Ball 1-0: Foul Ball, location: 2F 1-1: Fly out, F9 (Flyball, 9D, EV 98.1 MPH)
|
|
Batting: RHB Ike Trout
|
0-0: Foul Ball, location: 2F 0-1: Foul Ball, location: 2F 0-2: Fly out, F8 (Line Drive, 8LS, EV 94.4 MPH)
|
|
Batting: LHB Luis Magdaleno
|
0-0: Ball 1-0: SINGLE (Groundball, 34D, EV 101.2 MPH)
|
|
Batting: RHB J.J. Powers
|
0-0: Swinging Strike 0-1: Ball 1-1: Fly out, F9 (Line Drive, 9D, EV 86.9 MPH)
|
| Bottom of the 6th over - 0 runs, 1 hit, 0 errors, 1 left on base; Chicago 1 - Atlanta 4 |
| TOP OF THE 7TH |
|
Chicago Cubs batting - Pitching for Atlanta Braves : RHP Jeremy Kasten
|
|
Batting: LHB Andy Arbuckle
|
0-0: Swinging Strike 0-1: Fly out, F7 (Flyball, 78D, EV 83.1 MPH)
|
|
Batting: LHB Barend van der Kamp
|
0-0: Called Strike 0-1: Ball 1-1: Ball 2-1: Swinging Strike 2-2: Strikes out swinging
|
|
Batting: SHB Steve DiDomenico
|
0-0: Swinging Strike 0-1: Foul Ball, location: 2F 0-2: Ball 1-2: Ball 2-2: Ground out 4-3 (Groundball, 4, EV 86.2 MPH)
|
| Top of the 7th over - 0 runs, 0 hits, 0 errors, 0 left on base; Chicago 1 - Atlanta 4 |
| BOTTOM OF THE 7TH |
|
Atlanta Braves batting - Pitching for Chicago Cubs : RHP Miles Edwards
|
|
Batting: RHB Liangde Li
|
0-0: Swinging Strike 0-1: Swinging Strike 0-2: Foul Ball, location: 2F 0-2: Strikes out looking
|
|
Batting: RHB Tade Post
|
0-0: Ground out 6-3 (Groundball, 6, EV 84.4 MPH)
|
|
Batting: RHB Jeckel Hester
|
0-0: Ball 1-0: Called Strike 1-1: Ground out 3-1 (Groundball, 34, EV 80.6 MPH)
|
| Bottom of the 7th over - 0 runs, 0 hits, 0 errors, 0 left on base; Chicago 1 - Atlanta 4 |
| TOP OF THE 8TH |
|
Chicago Cubs batting - Pitching for Atlanta Braves : RHP Jeremy Kasten
|
|
Pitching: RHP Brendan Graham
|
|
|
Batting: SHB Moe Lester
|
0-0: Ball 1-0: Ball 2-0: Called Strike 2-1: Ball 3-1: Swinging Strike 3-2: Base on Balls
|
|
Batting: RHB Yasuhide Kasahara
|
0-0: Called Strike 0-1: Ball 1-1: Foul Ball, location: 2F 1-2: Strikes out swinging
|
|
Batting: RHB Efrain Vargas
|
0-0: Ball 1-0: Foul Ball, location: 2F 1-1: Hit by Pitch Moe Lester to second
|
|
Pinch Hitting: LHB Kevin Norton
|
0-0: Ball 1-0: SINGLE (Line Drive, 7LS, EV 95.0 MPH) Moe Lester to third Efrain Vargas to second Runner from 3rd tries for Home, SAFE, throw by LF to home Efrain Vargas to third Kevin Norton to second
|
|
Pitching: LHP Shingo Miura
|
|
|
Batting: RHB Heef Harted
|
0-0: SINGLE (Groundball, 56D, EV 93.8 MPH) Efrain Vargas scores Kevin Norton to third Runner from 3rd tries for Home, throw by LF and OUT! 7-2
|
|
Batting: RHB Alan Oxenrider
|
0-0: Called Strike 0-1: Ground out 5-3 (Groundball, 56, EV 101.9 MPH)
|
| Top of the 8th over - 2 runs, 2 hits, 0 errors, 1 left on base; Chicago 3 - Atlanta 4 |
| BOTTOM OF THE 8TH |
|
Atlanta Braves batting - Pitching for Chicago Cubs : RHP Miles Edwards
|
|
Now at 2B: Heef Harted
|
|
|
Now in CF: Kevin Norton
|
|
|
Batting: RHB Kevin Howard
|
0-0: Ball 1-0: Ball 2-0: Ball 3-0: Base on Balls
|
|
Batting: RHB David Casas
|
0-0: Called Strike 0-1: Foul Ball, location: 2F 0-2: Ball 1-2: Strikes out swinging
|
|
Batting: LHB Erik Gretzky
|
0-0: Called Strike 0-1: Foul Ball, location: 2F 0-2: Ball 1-2: Foul Ball, location: 2F 1-2: Ball 2-2: Strikes out swinging
|
|
Batting: RHB Ike Trout
|
0-0: Ground out 1-3 (Groundball, 13, EV 66.2 MPH)
|
| Bottom of the 8th over - 0 runs, 0 hits, 0 errors, 1 left on base; Chicago 3 - Atlanta 4 |
| TOP OF THE 9TH |
|
Chicago Cubs batting - Pitching for Atlanta Braves : LHP Shingo Miura
|
|
Pitching: RHP Victor Munoz
|
|
|
Batting: LHB Andy Arbuckle
|
0-0: Called Strike 0-1: Foul Ball, location: 2F 0-2: Ball 1-2: Ball 2-2: Strikes out swinging
|
|
Batting: LHB Barend van der Kamp
|
0-0: Called Strike 0-1: Ball 1-1: Fly out, F9 (Line Drive, 9LM, EV 93.8 MPH)
|
|
Batting: SHB Steve DiDomenico
|
0-0: Called Strike 0-1: Fly out, F7 (Flyball, 7, EV 93.8 MPH)
|
| Top of the 9th over - 0 runs, 0 hits, 0 errors, 0 left on base; Chicago 3 - Atlanta 4 |
|